 Dungeon Crawl Stone Soup version 0.15-a0-1269-g8ca96ae (webtiles) character file.

316 Egon the Gusty (level 6, -1/48 HPs)
             Began as a Tengu Air Elementalist on June 4, 2014.
             Was a Follower of Vehumet.
             Slain by Grinder (4 damage)
             ... on Level 4 of the Dungeon on June 5, 2014.
             The game lasted 00:23:21 (4078 turns).

Egon the Gusty (Tengu Air Elementalist)             Turns: 4078, Time: 00:23:22

HP  -1/48        AC  3     Str 13      XL: 6   Next: 44%
MP  14/15        EV 12     Int 17      God: Vehumet [*.....]
Gold 80          SH  0     Dex 15      Spells:  4 memorised,  4 levels left

rFire  . . .     SeeInvis .     t - +0,+1 mace (drain)
rCold  . . .     Clarity  .     e - +0 robe
rNeg   . . .     rCorr    .     (no shield)
rPois  .         rRot     .     o - +0 hat
rElec  .         Spirit   .     (no cloak)
SustAb .         Warding  .     q - +0 pair of gloves
rMut   .         Stasis   .     (boots unavailable)
Gourm  .                        (no amulet)
MR     .....                    (no ring)
                                m - ring of stealth

@: berserking, repel missiles, very quick, not resistant to hostile
enchantments, extremely unstealthy
A: able to fly, beak, talons 3
a: Fly, Renounce Religion


You were on level 4 of the Dungeon.
You worshipped Vehumet.
Vehumet was aware of your devotion.
You were hungry.

You visited 1 branch of the dungeon, and saw 4 of its levels.

You collected 80 gold pieces.

Inventory:

Hand weapons
 a - a +2,+0 dagger
 t - a +0,+1 mace of draining (weapon)
Armour
 e - a +0 robe (worn)
 o - a +0 hat (worn)
 q - a +0 pair of gloves (worn)
Comestibles
 c - 3 bread rations
 f - a slice of pizza
 g - 2 beef jerkies
 h - a royal jelly
Scrolls
 d - a scroll of fear
 i - 3 scrolls of remove curse
 k - 2 scrolls of random uselessness {unknown}
 n - a scroll of fog
Jewellery
 m - a ring of stealth (left hand)
Potions
 p - a potion of berserk rage
Books
 b - a book of Air

   Spells                             Type                      Level
   *Shock                             Conjuration/Air              1
   *Swiftness                         Charms/Air                   2
   *Repel Missiles                    Charms/Air                   2
   Flight                             Charms/Air                   3
   *Static Discharge                  Conjuration/Air              3
   Lightning Bolt                     Conjuration/Air              5


   Skills:
 - Level 2.1 Dodging
 - Level 2.0 Stealth
 + Level 3.8 Spellcasting
 + Level 4.3 Conjurations
 + Level 6.6 Air Magic


You had 4 spell levels left.
You knew the following spells:

 Your Spells              Type           Power        Failure   Level  Hunger
a - Shock                 Conj/Air       ###.         1%          1    None
c - Static Discharge      Conj/Air       ###.....     8%          3    ###....
e - Repel Missiles        Chrm/Air       ##....       10%         2    ##.....
f - Swiftness             Chrm/Air       ##......     10%         2    ##.....


Dungeon Overview and Level Annotations

Branches:
Dungeon (4/15)
 Temple: D:4-7

Altars:
Elyvilon
Makhleb
Vehumet

Annotations:
D:2 Sigmund
D:4 Grinder


Innate Abilities, Weirdness & Mutations

You can fly.
You have a beak for a mouth.
You have claws for feet.


Message History

You can move again.
There is a stone staircase leading up here.
Unknown command.
Casting: Shock
Confirm with . or Enter, or press ? or * to list all spells.
Aiming: Shock
Press: ? - help, Shift-Dir - straight line The zap hits Grinder.
Grinder is lightly wounded.
The zap hits Grinder.
Grinder is moderately wounded.
Grinder barely misses you.
Unknown command.
Drink which item? (? for menu, Esc to quit)
A red film seems to cover your vision as you go berserk!
You feel yourself moving faster!
You feel mighty!
It was a potion of berserk rage.
Grinder hits you!
* * * LOW HITPOINT WARNING * * *
You writhe in agony.
You die...

## .. #. ≈
#. ≈_≈ #.
≈≈≈≈
#.###..≈≈≈#
#.[5.....#
##@#######
#+#


You could see Grinder.

Vanquished Creatures
  A hound (D:3)
  3 orc priests
  An orc wizard (D:3)
  5 adders
  3 gnolls (D:3)
  3 worms
  2 giant geckos
  An ooze (D:3)
  7 orcs
  10 bats
  4 giant cockroaches
  10 goblins
  9 hobgoblins
  6 jackals
  2 quokkas
  7 giant newts
  7 kobolds
  4 rats
85 creatures vanquished.

Notes
Turn   | Place    | Note
--------------------------------------------------------------
     0 | D:1      | Egon, the Tengu Air Elementalist, began the quest for the Orb.
     0 | D:1      | Reached XP level 1. HP: 10/10 MP: 3/3
   331 | D:1      | Reached XP level 2. HP: 15/15 MP: 1/5
   375 | D:1      | Learned a level 2 spell: Repel Missiles
   379 | D:1      | Learned a level 2 spell: Swiftness
   848 | D:1      | Reached skill level 5 in Air Magic
  1244 | D:2      | Reached XP level 3. HP: 17/19 MP: 2/7
  1376 | D:2      | Found a radiant altar of Vehumet.
  1476 | D:2      | Became a worshipper of Vehumet
  1581 | D:2      | Noticed Sigmund
  1942 | D:2      | Reached XP level 4. HP: 24/24 MP: 5/9
  2962 | D:3      | Reached XP level 5. HP: 28/28 MP: 11/13
  3160 | D:3      | Learned a level 3 spell: Static Discharge
  3251 | D:3      | Acquired Vehumet's first power
  3251 | D:3      | Offered knowledge of Flame Tongue by Vehumet.
  3372 | D:3      | Reached skill level 6 in Air Magic
  3871 | D:3      | Reached XP level 6. HP: 32/32 MP: 11/15
  3880 | D:3      | Found a burning altar of Makhleb.
  3986 | D:4      | Found a white marble altar of Elyvilon.
  4061 | D:4      | Noticed Grinder
  4061 | D:4      | Paralysed by Grinder for 7 turns
  4070 | D:4      | Paralysed by Grinder for 7 turns
  4078 | D:4      | Slain by Grinder

Action                   |  1- 3 |  4- 6 || total
-------------------------+-------+-------++-------
Melee: Unarmed           |     6 |       ||     6
       Dagger            |    16 |     1 ||    17
 Cast: Shock             |    79 |   103 ||   182
       Repel Missiles    |     1 |       ||     1
       Swiftness         |     1 |       ||     1
       Static Discharge  |       |    10 ||    10
 Abil: Fly               |       |     1 ||     1
  Use: Scroll            |     3 |     3 ||     6
       Potion            |       |     1 ||     1
 Stab: Sleeping          |     1 |       ||     1
